Map: Prion Terraces

Players

Miszu - Winner!

  • Race: Terran Terran
  • League: Grandmaster

llllllllllll

  • Race: Protoss Protoss
  • League: Master

VOD

Have the link to the VOD?

Description

Time

  • Played on: Feb. 10, 2016, 12:34 p.m.
  • Length: 8:04
Show
View Real Time Build Order
Export as new Build Order

Miszu Terran - Winner!

Build Orders: Command Center First (CC), MMM Bio 

Get SALT Encoding   

  12  0:05  SCV  
  13  0:17  SCV  
  13  0:20  Supply Depot  
  14  0:29  SCV  
  15  0:42  SCV  
  16  0:54  SCV  
  17  1:01  Command Center  
  17  1:06  SCV  
  18  1:13  Barracks  
  18  1:18  SCV  
  19  1:30  SCV  
  19  1:31  Barracks  
  20  1:42  SCV  
  20  1:45  Barracks  
  21  2:00  Orbital Command  
  21  2:02  Marine  
  22  2:13  Orbital Command  
  22  2:20  Marine x2  
  24  2:25  SCV  
  25  2:34  Marine  
  25  2:35  Refinery  
  25  2:36  Refinery  
  26  2:38  Marine  
  26  2:39  SCV  
  26  2:41  SCV  
  29  2:44  Marine  
  29  2:51  SCV  
  31  2:52  Marine  
  31  2:53  SCV  
  31  2:58  Marine  
  33  3:03  SCV  
  33  3:05  SCV  
  36  3:07  Supply Depot x2  
  36  3:08  Barracks Tech Lab  
  36  3:10  Marine  
  37  3:15  SCV  
  38  3:25  Engineering Bay  
  38  3:27  Stimpack  
  38  3:28  Marine x2  
  38  3:29  Marine, SCV x2  
  38  3:31  Refinery  
  38  3:33  Supply Depot  
  43  3:41  SCV x2  
  45  3:46  Marine x2  
  47  3:53  SCV x2  
  47  3:54  Marine  
  50  3:57  Supply Depot  
  50  4:00  Factory  
  50  4:02  Supply Depot  
  50  4:04  Marine x2  
  50  4:05  SCV x2  
  52  4:12  Marine, Missile Turret  
  52  4:14  Missile Turret  
  53  4:17  SCV x2  
  53  4:22  Marine x2  
  57  4:25  Barracks  
  57  4:31  Barracks  
  57  4:38  SCV x2  
  58  4:41  Terran Infantry Weapons Level 1  
  58  4:42  Barracks Tech Lab  
  58  4:43  Barracks Reactor  
  59  4:46  Starport  
  59  4:48  Factory Reactor  
  59  4:50  SCV  
  59  4:51  Marauder  
  62  4:58  SCV  
  60  5:02  SCV  
  60  5:06  Marauder, Combat Shields  
  63  5:10  SCV  
  64  5:14  Supply Depot, Marauder, SCV  
  64  5:19  Marine x2  
  64  5:20  Marine  
  70  5:22  SCV  
  70  5:27  Marine, SCV  
  73  5:32  Supply Depot  
  73  5:35  Marine x2  
  74  5:36  Supply Depot, Concussive Shells  
  74  5:37  Marine x2  
  74  5:38  Medivac  
  74  5:40  Medivac  
  77  5:46  SCV x2  
  78  5:51  Missile Turret  
  78  5:55  Liberator x2  
  80  5:57  Marine  
  80  5:58  SCV x2  
  80  5:59  Marine  
  84  6:04  Marine  
  84  6:09  Marine  
  84  6:10  SCV  
  90  6:14  Marine, Marauder  
  90  6:15  Marine  
  90  6:17  Marine  
  97  6:20  Supply Depot  
  97  6:22  Marine  
  97  6:24  Supply Depot, Widow Mine  
  99  6:26  Marine  
  99  6:30  Supply Depot  
  99  6:32  Marine  
  101  6:33  Marine  
  101  6:38  Marine  
  102  6:41  Marauder  
  102  6:46  Liberator  
  92  6:48  Marine  
  92  6:49  Marine  
  92  6:50  Marauder  
  92  6:51  Marine  
  87  6:56  Marine  
  87  7:01  Widow Mine  
  83  7:02  Marine  
  83  7:06  Marine x2  
  91  7:09  Marine  
  91  7:11  Marine  
  91  7:14  Marine  
  94  7:20  Marauder  
  95  7:24  Marine x2  
  95  7:26  Marine  
  95  7:29  Marauder  
  95  7:32  Marine  
  93  7:41  Marine  
  93  7:42  Marine, Marauder  
  96  7:44  Marine  
Show
View Real Time Build Order
Export as new Build Order

llllllllllll Protoss 

Build Orders: 1 Gate Expand, Oracle Opening 

Get SALT Encoding   

  12  0:01  Probe (Chrono Boost)  
  13  0:11  Probe (Chrono Boost)  
  14  0:17  Pylon  
  14  0:22  Probe (Chrono Boost)  
  16  0:35  Probe (Chrono Boost)  
  16  0:37  Gateway  
  16  0:46  Probe (Chrono Boost)  
  17  0:50  Assimilator  
  17  0:57  Probe (Chrono Boost)  
  18  1:07  Probe (Chrono Boost)  
  19  1:18  Probe (Chrono Boost)  
  20  1:25  Nexus  
  20  1:32  Cybernetics Core  
  20  1:36  Probe (Chrono Boost)  
  21  1:41  Assimilator  
  21  1:51  Pylon  
  21  1:52  Probe (Chrono Boost)  
  22  2:02  Probe (Chrono Boost)  
  23  2:09  Adept (Chrono Boost)  
  23  2:13  Probe  
  26  2:22  Pylon  
  26  2:23  Warp Gate  
  28  2:39  Probe (Chrono Boost)  
  28  2:40  Probe (Chrono Boost)  
  28  2:43  Stargate  
  28  2:50  Probe (Chrono Boost)  
  31  2:51  Mothership Core (Chrono Boost)  
  31  2:53  Pylon  
  31  3:00  Adept  
  31  3:01  Probe (Chrono Boost)  
  34  3:09  Probe (Chrono Boost)  
  34  3:11  Probe (Chrono Boost)  
  36  3:20  Probe (Chrono Boost)  
  36  3:21  Probe (Chrono Boost)  
  36  3:26  Oracle (Chrono Boost)  
  38  3:30  Probe, Assimilator  
  38  3:31  Probe  
  38  3:33  Assimilator  
  43  3:41  Probe  
  43  3:43  Probe  
  45  3:51  Forge, Twilight Council  
  45  3:52  Probe (Chrono Boost)  
  45  3:55  Probe (Chrono Boost)  
  47  4:04  Probe (Chrono Boost)  
  47  4:06  Probe (Chrono Boost)  
  49  4:13  Protoss Ground Armor Level 1  
  49  4:14  Probe (Chrono Boost)  
  51  4:17  Probe (Chrono Boost)  
  51  4:20  Gateway  
  51  4:21  Gateway  
  51  4:25  Probe (Chrono Boost)  
  51  4:27  Probe (Chrono Boost)  
  51  4:28  Gateway x2  
  51  4:30  Blink (Chrono Boost)  
  53  4:36  Pylon  
  53  4:43  Probe  
  54  4:47  Probe  
  54  4:50  Pylon  
  54  4:52  Pylon  
  55  4:55  Probe  
  57  5:00  Sentry, Probe  
  57  5:04  Nexus  
  59  5:09  Pylon  
  59  5:19  Sentry x2  
  63  5:30  Stalker x3  
  63  5:32  Pylon  
  63  5:33  Probe  
  63  5:34  Probe  
  71  5:52  Robotics Facility  
  71  5:53  Stalker x3  
  71  5:54  Stalker x2  
  81  6:06  Pylon  
  81  6:07  Pylon  
  81  6:08  Probe  
  82  6:11  Resonating Glaives (Chrono Boost)  
  80  6:20  Adept x4  
  80  6:24  Probe x2  
  90  6:30  Adept  
  90  6:31  Probe  
  93  6:36  Probe x2  
  93  6:39  Photon Cannon  
  95  6:41  Probe  
  95  6:45  Adept  
  95  6:46  Adept x2  
  86  6:48  Probe x2  
  86  6:52  Probe  
  81  6:55  Adept x2  
  77  7:03  Observer (Chrono Boost)  
  77  7:07  Adept, Sentry  
  77  7:08  Adept  
  84  7:16  Gateway  
  84  7:18  Gateway, Stalker x2  
  92  7:23  Immortal (Chrono Boost)  
  88  7:31  Adept x3  
  90  7:41  Adept  
  90  7:42  Adept  
  94  7:44  Probe  
  85  7:54  Pylon  
  85  7:58  Stalker x3  
Tags
 
Add a new tag
Caveats
  • Supply blocks, unpowered buildings, or Contaminate may cause inaccurate times.
  • Supply counts are checked every 10 seconds.